 Dungeon Crawl Stone Soup version 0.25-a0-294-gea9b1ad378 (webtiles) character file.

Game seed: 14389854202885808925, levelgen mode: deterministic

21885 MoonlitKnight the Thaumaturge (level 12, -3/95 HPs)
             Began as a Gnoll Skald on Dec 17, 2019.
             Was a High Priest of Okawaru.
             Slain by a death yak (26 damage)
             ... led by a torpor snail
             ... on level 6 of the Lair of Beasts.
             The game lasted 00:38:16 (16446 turns).

MoonlitKnight the Thaumaturge (Gnoll Skald)        Turns: 16446, Time: 00:38:16

Health: -3/95      AC: 10    Str: 17    XL:     12   Next: 94%
Magic:  21/25      EV: 18    Int: 15    God:    Okawaru [*****.]
Gold:   1077       SH:  8    Dex: 17    Spells: 9/29 levels left

rFire    . . .     SeeInvis .   a - +5 trident
rCold    + . .     Gourm    .   x - +2 buckler
rNeg     . . .     Faith    .   g - +2 leather armour {rC+}
rPois    .         Spirit   .   (no helmet)
rElec    .         Reflect  .   (no cloak)
rCorr    .         Harm     .   m - +0 pair of gloves
MR       .....                  w - +2 pair of boots
Stlth    +++++.....             (no amulet)
HPRegen  1.25/turn              A - ring of stealth
MPRegen  0.19/turn              (no ring)

@: regenerating
A: distributed training, fangs 1, strong nose
a: Heroism, Finesse, Renounce Religion


You were on level 6 of the Lair of Beasts.
You worshipped Okawaru.
Okawaru was extremely pleased with you.
You were hungry.

You visited 3 branches of the dungeon, and saw 15 of its levels.
You also visited: Sewer.

You collected 1077 gold pieces.

Inventory:

Hand Weapons
 a - a +5 trident (weapon)
 b - a +1 hunting sling
 J - a +0 antimagic lajatang
 M - a +1 great sword of flaming
Missiles
 i - 93 poisoned darts (quivered)
 C - 154 sling bullets
Armour
 g - a +2 leather armour of cold resistance (worn)
 m - a +0 pair of gloves (worn)
 w - a +2 pair of boots (worn)
 x - a +2 buckler (worn)
Jewellery
 A - a ring of stealth (left hand)
 K - an uncursed ring of positive energy {unknown}
Wands
 v - a wand of flame (20)
 B - a wand of digging (10)
 E - a wand of polymorph (9)
 H - a wand of iceblast (18)
Scrolls
 e - 4 scrolls of amnesia
 f - 12 scrolls of teleportation
 j - 2 scrolls of magic mapping {unknown}
 k - 3 scrolls of enchant weapon
 l - a scroll of summoning {unknown}
 o - 2 scrolls of immolation {unknown}
 q - a scroll of blinking {unknown}
 s - 3 scrolls of fear {unknown}
 y - a scroll of noise {unknown}
 z - 5 scrolls of remove curse
 D - a scroll of torment {unknown}
 I - 4 scrolls of identify
 L - a scroll of enchant armour {unknown}
Potions
 c - 10 potions of curing
 h - 3 potions of might
 n - 2 potions of flight {unknown}
 p - 4 potions of brilliance
 r - 5 potions of degeneration {unknown}
 t - a potion of heal wounds
 u - 4 potions of haste
 F - a potion of lignification {unknown}
 G - 2 potions of agility {unknown}
Comestibles
 d - 19 rations


   Skills:
 + Level 9.2 Fighting
 + Level 7.8 Short Blades
 + Level 7.8 Long Blades
 + Level 7.8 Axes
 + Level 7.8 Maces & Flails
 + Level 9.2 Polearms
 + Level 7.8 Staves
 + Level 7.8 Slings
 + Level 7.8 Bows
 + Level 7.8 Crossbows
 + Level 7.8 Throwing
 + Level 8.3 Armour
 + Level 9.2 Dodging
 + Level 7.8 Stealth
 + Level 7.8 Shields
 + Level 7.8 Unarmed Combat
 + Level 9.4 Spellcasting
 + Level 6.5 Conjurations
 + Level 6.5 Hexes
 + Level 8.6 Charms
 + Level 6.5 Summonings
 + Level 6.5 Necromancy
 + Level 6.5 Translocations
 + Level 6.5 Transmutations
 + Level 6.5 Fire Magic
 + Level 6.5 Ice Magic
 + Level 6.5 Air Magic
 + Level 6.5 Earth Magic
 + Level 6.5 Poison Magic
 + Level 8.6 Invocations
 + Level 7.8 Evocations


You had 9 spell levels left.
You knew the following spells:

 Your Spells              Type           Power        Failure   Level  Hunger
a - Infusion              Chrm           ####         1%          1    None
b - Shroud of Golubria    Chrm/Tloc      ####..       1%          2    None
c - Spectral Weapon       Hex/Chrm       ####....     1%          3    #......
d - Regeneration          Chrm/Necr      ####......   1%          3    #......
e - Song of Slaying       Chrm           ####....     1%          2    None
f - Searing Ray           Conj           ####..       1%          2    None
g - Dazzling Flash        Conj/Hex       ####..       2%          3    #......
h - Iskenderun's Mystic   Conj/Tloc      ####....     9%          4    ###....

Your spell library contained the following spells:

 Spells                   Type           Power        Failure   Level  Hunger
 Foxfire                  Conj/Fire      ####         1%          1    None
 Magic Dart               Conj           ####         1%          1    None
 Summon Butterflies       Summ           ####....     1%          1    None
 Blink                    Tloc           N/A          1%          2    None
 Call Imp                 Summ           ####....     1%          2    None
 Slow                     Hex            ####....     1%          2    None
 Call Canine Familiar     Summ           ####....     2%          3    #......
 Conjure Flame            Conj/Fire      ####....     2%          3    #......
 Inner Flame              Hex/Fire       ####....     2%          3    #......
 Mephitic Cloud           Conj/Pois/Air  ####....     2%          3    #......
 Fulminant Prism          Conj/Hex       ####......   9%          4    ###....
 Sticky Flame             Conj/Fire      ####....     9%          4    ###....
 Summon Ice Beast         Ice/Summ       ####....     9%          4    ###....
 Fireball                 Conj/Fire      ####......   22%         5    #####..
 Summon Mana Viper        Hex/Summ       ####....     22%         5    #####..
 Summon Hydra             Summ           ####......   100%        7    #######


Dungeon Overview and Level Annotations

Branches:
Dungeon (8/15)             Temple (1/1) D:6            Lair (6/6) D:8
 Shoals (0/4) Lair:3        Snake (0/4) Lair:4        Slime (0/5) Lair:6
  Sewer (visited)

Altars:
Ashenzari
Cheibriados
Elyvilon
Fedhas
Gozag
Makhleb
Okawaru
Ru
Sif Muna
Uskayaw
Zin
The Shining One

Annotations:
D:7 1 runed translucent door, Crazy Yiuf


Innate Abilities, Weirdness & Mutations

Your experience applies equally to all skills.
You have very sharp teeth.
Your uncanny sense of smell can sniff out nearby items.


Message History

The death yak is moderately wounded.
Your spectral weapon hits the death yak from afar!
The death yak gores you!
You hit the death yak but do no damage.
You bite the death yak, but do no damage.
The death yak is moderately wounded.
Your spectral weapon hits the death yak from afar.
You hit the death yak but do no damage.
The death yak is heavily wounded.
Your spectral weapon hits the death yak from afar.
The death yak gores you!
* * * LOW HITPOINT WARNING * * *
Casting: Spectral Weapon (safe; 1% risk of failure)
Confirm with . or Enter, or press ? or * to list all spells.
Your skin crawls.
The death yak closely misses you.
You hit the death yak but do no damage.
The death yak is heavily wounded.
Your spectral weapon hits the death yak.
The death yak gores you!!
You die...

#.##.##.###
##.........##
#.........#.#
##P.........#
..........##
###........P##
#...(Y.......#
#....@....#
##.........#
#..........#
#P.........##
#...........#
##.........##
##........P#
#..........##
##..........#


You could see a death yak and a friendly spectral +5 trident.

Vanquished Creatures
  Harold (Lair:2)
  2 hydras
  10 elephants
  7 spiny frogs
  A merfolk siren (Lair:3)
  A torpor snail (Lair:6)
  2 black mambas
  2 rime drakes
  2 komodo dragons
  A polar bear (Lair:2)
  A hornet (D:8)
  2 hippogriffs
  2 wyverns
  7 yaks
  A basilisk (Lair:2)
  2 nagas (Lair:4)
  7 water moccasins
  7 porcupines
  10 ice beasts
  2 sky beasts
  3 orc warriors
  2 black bears
  2 ogres
  15 wolves
  3 centaurs
  A big kobold (D:8)
  4 crocodiles
  9 bullfrogs
  A water moccasin zombie (D:6)
  4 scorpions
  4 wights (D:7)
  An electric eel (Lair:4)
  A howler monkey (D:6)
  7 crimson imps
  A quasit (D:8)
  A bullfrog skeleton (D:4)
  2 orc priests (D:8)
  5 hounds
  6 jellies
  3 orc wizards
  A centaur skeleton (D:4)
  2 iguanas (D:4)
  5 worker ants
  A hound zombie (D:5)
  2 hound skeletons (D:6)
  A howler monkey zombie (D:7)
  A worker ant zombie (D:6)
  8 gnolls
  12 adders
  A shadow imp (D:8)
  An ooze (D:1)
  An adder zombie (D:5)
  2 adder skeletons (D:4)
  A worm (D:6)
  5 leopard geckos
  26 orcs
  10 bats
  4 giant cockroaches
  5 hobgoblins
  15 jackals
  3 quokkas
  3 ball pythons
  12 frilled lizards
  10 goblins
  14 kobolds
  A quokka skeleton (D:4)
  11 rats
  4 plants (Sewer)
307 creatures vanquished.

Vanquished Creatures (others)
  4 fungi
  10 spectral weapons
14 creatures vanquished.

Grand Total: 321 creatures vanquished

Notes
Turn   | Place    | Note
-------+----------+-------------------------------------------
     0 | D:1      | MoonlitKnight the Gnoll Skald began the quest for the Orb.
     0 | D:1      | Reached XP level 1. HP: 20/20 MP: 6/6
   202 | D:1      | Reached XP level 2. HP: 26/26 MP: 7/7
   634 | D:1      | Reached XP level 3. HP: 31/31 MP: 9/9
   767 | D:2      | Reached skill level 5 in Spellcasting
   778 | D:2      | Learned a level 2 spell: Shroud of Golubria
   782 | D:2      | Learned a level 3 spell: Spectral Weapon
   786 | D:2      | Learned a level 3 spell: Regeneration
   789 | D:2      | Learned a level 2 spell: Song of Slaying
   844 | D:2      | Reached skill level 1 in Invocations
   854 | D:2      | Reached skill level 1 in Short Blades
   854 | D:2      | Reached skill level 1 in Long Blades
   854 | D:2      | Reached skill level 1 in Axes
   854 | D:2      | Reached skill level 1 in Maces & Flails
   854 | D:2      | Reached skill level 1 in Staves
   854 | D:2      | Reached skill level 1 in Slings
   854 | D:2      | Reached skill level 1 in Bows
   854 | D:2      | Reached skill level 1 in Crossbows
   854 | D:2      | Reached skill level 1 in Throwing
   854 | D:2      | Reached skill level 1 in Stealth
   854 | D:2      | Reached skill level 1 in Shields
   854 | D:2      | Reached skill level 1 in Unarmed Combat
   854 | D:2      | Reached skill level 1 in Evocations
   854 | D:2      | Reached XP level 4. HP: 22/38 MP: 2/11
  1072 | D:2      | Found a hide-covered altar of Uskayaw.
  1292 | D:2      | Found a burning altar of Makhleb.
  1739 | D:3      | Reached skill level 1 in Conjurations
  1739 | D:3      | Reached skill level 1 in Hexes
  1739 | D:3      | Reached skill level 1 in Summonings
  1739 | D:3      | Reached skill level 1 in Necromancy
  1739 | D:3      | Reached skill level 1 in Translocations
  1739 | D:3      | Reached skill level 1 in Transmutations
  1739 | D:3      | Reached skill level 1 in Fire Magic
  1739 | D:3      | Reached skill level 1 in Ice Magic
  1739 | D:3      | Reached skill level 1 in Air Magic
  1739 | D:3      | Reached skill level 1 in Earth Magic
  1739 | D:3      | Reached skill level 1 in Poison Magic
  1760 | D:3      | Found a blossoming altar of Fedhas.
  1849 | D:3      | Found a faded altar of an unknown god.
  1851 | D:3      | Found a shattered altar of Ashenzari.
  1874 | D:3      | Found a glowing drain.
  1892 | Sewer    | Entered a sewer
  2011 | Sewer    | Reached XP level 5. HP: 43/43 MP: 12/12
  2726 | D:3      | Found a sacrificial altar of Ru.
  3102 | D:3      | Reached XP level 6. HP: 50/50 MP: 9/13
  3226 | D:3      | Reached skill level 5 in Fighting
  3226 | D:3      | Reached skill level 5 in Polearms
  3226 | D:3      | Reached skill level 5 in Dodging
  3847 | D:4      | Reached XP level 7. HP: 48/56 MP: 10/15
  3928 | D:4      | Learned a level 2 spell: Searing Ray
  3932 | D:4      | Learned a level 3 spell: Dazzling Flash
  4580 | D:5      | Entered Level 5 of the Dungeon
  5307 | D:5      | Reached XP level 8. HP: 63/63 MP: 16/16
  6209 | D:6      | Found a staircase to the Ecumenical Temple.
  6664 | Temple   | Entered the Ecumenical Temple
  6707 | Temple   | Became a worshipper of Warmaster Okawaru
  7077 | D:6      | Found a white marble altar of Elyvilon.
  7601 | D:7      | Reached XP level 9. HP: 69/69 MP: 14/18
  7896 | D:7      | Reached * piety under Okawaru
  8085 | D:7      | Found a runed translucent door.
  8086 | D:7      | Noticed Crazy Yiuf
  8201 | D:7      | Found a glowing golden altar of the Shining One.
  8547 | D:8      | Reached skill level 5 in Short Blades
  8547 | D:8      | Reached skill level 5 in Long Blades
  8547 | D:8      | Reached skill level 5 in Axes
  8547 | D:8      | Reached skill level 5 in Maces & Flails
  8547 | D:8      | Reached skill level 5 in Staves
  8547 | D:8      | Reached skill level 5 in Slings
  8547 | D:8      | Reached skill level 5 in Bows
  8547 | D:8      | Reached skill level 5 in Crossbows
  8547 | D:8      | Reached skill level 5 in Throwing
  8547 | D:8      | Reached skill level 5 in Stealth
  8547 | D:8      | Reached skill level 5 in Shields
  8547 | D:8      | Reached skill level 5 in Unarmed Combat
  8547 | D:8      | Reached skill level 5 in Evocations
  8547 | D:8      | Reached XP level 10. HP: 79/79 MP: 18/21
  8735 | D:8      | Reached ** piety under Okawaru
  8776 | D:8      | Found a shimmering blue altar of Sif Muna.
  8870 | D:8      | Found a snail-covered altar of Cheibriados.
  8958 | D:8      | Reached skill level 5 in Conjurations
  8958 | D:8      | Reached skill level 5 in Hexes
  8958 | D:8      | Reached skill level 5 in Summonings
  8958 | D:8      | Reached skill level 5 in Necromancy
  8958 | D:8      | Reached skill level 5 in Translocations
  8958 | D:8      | Reached skill level 5 in Transmutations
  8958 | D:8      | Reached skill level 5 in Fire Magic
  8958 | D:8      | Reached skill level 5 in Ice Magic
  8958 | D:8      | Reached skill level 5 in Air Magic
  8958 | D:8      | Reached skill level 5 in Earth Magic
  8958 | D:8      | Reached skill level 5 in Poison Magic
  9366 | D:8      | Found an opulent altar of Gozag.
  9473 | D:8      | Found a staircase to the Lair.
  9675 | Lair:1   | Entered Level 1 of the Lair of Beasts
  9856 | Lair:1   | Noticed a five-headed hydra
  9868 | Lair:1   | Killed a five-headed hydra
  9868 | Lair:1   | Reached *** piety under Okawaru
  9868 | Lair:1   | Reached XP level 11. HP: 43/86 MP: 17/23
 10337 | Lair:1   | Received a gift from Okawaru
 11368 | Lair:2   | Reached **** piety under Okawaru
 11493 | Lair:2   | Noticed Harold
 11595 | Lair:2   | Killed Harold
 11598 | Lair:2   | Reached ***** piety under Okawaru
 12625 | Lair:3   | Found a staircase to the Shoals.
 12692 | Lair:3   | Received a gift from Okawaru
 12877 | Lair:3   | Reached XP level 12. HP: 91/94 MP: 21/24
 12962 | Lair:3   | Found a frozen archway.
 12980 | Lair:3   | Received a gift from Okawaru
 13574 | Lair:4   | Learned a level 4 spell: Iskenderun's Mystic Blast
 13580 | Lair:4   | Found a staircase to the Snake Pit.
 14720 | Lair:5   | Received a gift from Okawaru
 15112 | Lair:5   | Received a gift from Okawaru
 15988 | Lair:6   | Entered Level 6 of the Lair of Beasts
 16021 | Lair:6   | Found a staircase to the Slime Pits.
 16076 | Lair:6   | Noticed a four-headed hydra
 16090 | Lair:6   | Killed a four-headed hydra
 16090 | Lair:6   | Received a gift from Okawaru
 16427 | Lair:6   | Noticed a death yak
 16446 | Lair:6   | Slain by a death yak

Levels and vault maps discovered:
D:1:      dpeg_arrival_water_temple_mockup, layout_loops_ring
D:2:      layout_basic, marbit_many_paths, chequers_serial_rivers_small_b,
          hangedman_decor_opposing, bloody_makhleb
D:3:      layout_basic, fedhas_altar_1, overflow_temple_1_default,
          lemuel_crystal_altar, chequers_ecumenical_altar_simple,
          cheibrodos_sewer_entry_drain, minmay_divided_ellipse
D:4:      layout_loops_cross, st_stairs_7, serial_bayou_crossing
D:5:      layout_layer_cave, first_ration, kennysheep_cluttered_room
D:6:      layout_loops_ring, elyvilon_altar_1, minmay_temple_entry_statues
D:7:      layout_loops_ring, basic_altar, uniq_crazy_yiuf_cottage
D:8:      layout_loops_ring, cheibriados_altar_1, lemuel_blue_sif_altar,
          lemuel_round_altar, lair_entry_dummy
Temple:   grunt_temple_mini_profane
Lair:1:   layout_cave_pods
Lair:2:   layout_regular_city, lemuel_fruit_tree, infiniplex_staircase_pool_2,
          uniq_harold
Lair:3:   layout_small_grid, minmay_shoals_entry_lonely_mermaid,
          portal_ice_cave_entry_ice_beasts
Lair:4:   layout_cave_pods, guppyfry_snake_entry_island,
          nicolae_quartered_pool_super
Lair:5:   layout_roguey, grunt_megastairs_1
Lair:6:   due_jungle_book, layout_big_grid, minmay_slime_entry_pillars,
          basic_altar

Skill      XL: |  1  2  3  4  5  6  7  8  9 10 11 12 |
---------------+-------------------------------------+-----
Spellcasting   | 5 6 7 8 9 |  9.4
Invocations    | 1 2 3 4 6 7 8 |  8.6
Short Blades   | 1 2 3 5 6 7 |  7.8
Long Blades    | 1 2 3 5 6 7 |  7.8
Axes           | 1 2 3 5 6 7 |  7.8
Maces & Flails | 1 2 3 5 6 7 |  7.8
Staves         | 1 2 3 5 6 7 |  7.8
Slings         | 1 2 3 5 6 7 |  7.8
Bows           | 1 2 3 5 6 7 |  7.8
Crossbows      | 1 2 3 5 6 7 |  7.8
Throwing       | 1 2 3 5 6 7 |  7.8
Stealth        | 1 2 3 5 6 7 |  7.8
Shields        | 1 2 3 5 6 7 |  7.8
Unarmed Combat | 1 2 3 5 6 7 |  7.8
Evocations     | 1 2 3 5 6 7 |  7.8
Conjurations   | 1 2 3 4 5 6 |  6.5
Hexes          | 1 2 3 4 5 6 |  6.5
Summonings     | 1 2 3 4 5 6 |  6.5
Necromancy     | 1 2 3 4 5 6 |  6.5
Translocations | 1 2 3 4 5 6 |  6.5
Transmutations | 1 2 3 4 5 6 |  6.5
Fire Magic     | 1 2 3 4 5 6 |  6.5
Ice Magic      | 1 2 3 4 5 6 |  6.5
Air Magic      | 1 2 3 4 5 6 |  6.5
Earth Magic    | 1 2 3 4 5 6 |  6.5
Poison Magic   | 1 2 3 4 5 6 |  6.5
Armour         | 3 4 6 7 8 |  8.3
Fighting       | 5 7 8 9 |  9.2
Polearms       | 5 7 8 9 |  9.2
Dodging        | 5 7 8 9 |  9.2
Charms         | 6 7 8 |  8.6

Action                   |  1- 3 |  4- 6 |  7- 9 | 10-12 || total
-------------------------+-------+-------+-------+-------++-------
Melee: Spear             |    75 |   189 |   207 |       ||   471
       Bite              |     6 |    30 |    46 |    84 ||   166
       Halberd           |       |   225 |       |       ||   225
       Trident           |       |       |   149 |   564 ||   713
 Fire: Hunting sling     |       |       |    27 |    29 ||    56
Throw: Dart              |       |       |     4 |    34 ||    38
 Cast: Spectral Weapon   |     1 |     7 |    16 |    42 ||    66
       Shroud of Golubri |     1 |     2 |     3 |       ||     6
       Regeneration      |       |       |     3 |    14 ||    17
       Dazzling Flash    |       |       |     3 |     5 ||     8
       Infusion          |       |       |       |     1 ||     1
       Iskenderun's Myst |       |       |       |     2 ||     2
Invok: Heroism           |       |       |       |     4 ||     4
  Use: Scroll            |       |     8 |     2 |     1 ||    11
       Potion            |       |       |     1 |     4 ||     5
 Stab: Sleeping          |     3 |     8 |     3 |    14 ||    28
       Distracted        |       |     1 |       |     7 ||     8
       Invisible         |       |       |     2 |     2 ||     4
  Eat: Chunk             |       |    11 |    14 |    16 ||    41
       Ration            |       |       |     1 |     3 ||     4
Armor: Leather armour    |    12 |    96 |    74 |    95 ||   277
Dodge: Dodged            |    56 |   245 |   154 |   379 ||   834
Block: Buckler           |       |    44 |    89 |   196 ||   329

Table legend:
 A = Non-vault XP
 B = Vault XP
 C = Vault XP percentage of total XP
 D = Non-vault monster count
 E = Vault monster count
 F = Vault count percentage of total count
                 A         B        C        D         E       F
            +---------+---------+-------+---------+---------+-------
      Total |   24722 |    3313 |  11.8 |     247 |      56 |  18.5
            +---------+---------+-------+---------+---------+-------
        D:1 |      37 |       0 |   0.0 |      18 |       0 |   0.0
        D:2 |      90 |       1 |   1.1 |      18 |       1 |   5.3
        D:3 |      93 |     202 |  68.5 |      20 |      14 |  41.2
        D:4 |     401 |      69 |  14.7 |      22 |       2 |   8.3
        D:5 |     376 |       0 |   0.0 |       8 |       0 |   0.0
        D:6 |    1006 |       0 |   0.0 |      25 |       0 |   0.0
        D:7 |     960 |       0 |   0.0 |      22 |       0 |   0.0
        D:8 |    1993 |       0 |   0.0 |      38 |       0 |   0.0
     Lair:1 |    3362 |       0 |   0.0 |      13 |       0 |   0.0
     Lair:2 |    4305 |    1028 |  19.3 |      23 |       1 |   4.2
     Lair:3 |    1687 |    1455 |  46.3 |       8 |       9 |  52.9
     Lair:4 |    2633 |     326 |  11.0 |      13 |       2 |  13.3
     Lair:5 |    4594 |       0 |   0.0 |      11 |       0 |   0.0
     Lair:6 |    3185 |     174 |   5.2 |       8 |       4 |  33.3
      Sewer |       0 |      58 | 100.0 |       0 |      23 | 100.0
            +---------+---------+-------+---------+---------+-------
